 Dungeon Crawl Stone Soup version 0.19-a0-1899-g2d93087 (webtiles) character file.

204 Naow the Chucker (level 5, -1/55 HPs)
             Began as an Ogre Hunter on Oct 20, 2016.
             Slain by a worker ant (4 damage)
             ... on level 4 of the Dungeon.
             The game lasted 00:05:50 (4003 turns).

Naow the Chucker (Ogre Hunter)                      Turns: 4003, Time: 00:05:50

Health: -1/55      AC:  3    Str: 18    XL:     5   Next: 82%
Magic:  5/5        EV: 10    Int: 15    God:
Gold:   141        SH:  0    Dex: 10    Spells: 0 memorised, 4 levels left

rFire  . . .     SeeInvis .     j - +0 mace
rCold  . . .     Gourm    .     b - +0 robe
rNeg   . . .     Faith    .     (no shield)
rPois  .         Spirit   .     (helmet restricted)
rElec  .         Reflect  .     (no cloak)
rCorr  .         Harm     .     (gloves unavailable)
MR     .....                    (boots unavailable)
Stlth  +.........               (no amulet)
                                (no ring)
                                (no ring)

@: brilliant, lethally poisoned (-1 -> -9)
A: unfitting armour, tough skin 1
a: no special abilities


You were on level 4 of the Dungeon.
You were not hungry.

You visited 1 branch of the dungeon, and saw 4 of its levels.

You collected 141 gold pieces.

Inventory:

Hand Weapons
 a - a +0 short sword
 j - a +0 mace (weapon)
Missiles
 c - 5 large rocks (quivered)
 d - 2 throwing nets
Armour
 b - a +0 robe (worn)
Jewellery
 s - a +3 ring of strength {unknown}
 t - an uncursed ring of magical power {unknown}
Scrolls
 e - 2 scrolls of teleportation {unknown}
 g - a scroll of magic mapping {unknown}
 h - a scroll of random uselessness {unknown}
 k - a scroll of amnesia {unknown}
 n - a scroll of remove curse {unknown}
 q - 6 scrolls of identify {unknown}
 u - a scroll of enchant armour {unknown}
 v - a scroll of blinking {unknown}
Potions
 m - a potion of degeneration {unknown}
 p - a potion of berserk rage {unknown}
 r - a potion of curing {unknown}
Comestibles
 f - 2 bread rations
 i - a beef jerky
 o - a slice of pizza
 w - 3 chunks of flesh


   Skills:
 + Level 4.5 Fighting
 * Level 3.7 Maces & Flails
 + Level 4.8 Throwing
 + Level 2.7 Dodging
 - Level 0.6 Stealth


You had 4 spell levels left.
You didn't know any spells.

Dungeon Overview and Level Annotations

Branches:
Dungeon (4/15)
 Temple: D:4-7

Altars:
Ashenzari
Elyvilon
Gozag
Nemelex Xobeh
Ru

Annotations:
D:2 1 runed door
D:4 Eustachio


Innate Abilities, Weirdness & Mutations

You are too large for most types of armour.
You have tough skin. (AC +1)


Message History

You are more poisoned.
The worker ant poisons you!
You hit the worker ant.
The worker ant is moderately wounded.
You feel sick. The worker ant closely misses you.
You hit the worker ant but do no damage.
The worker ant is moderately wounded.
You feel sick. The worker ant bites you.
* * * LOW HITPOINT WARNING * * *
The worker ant completely misses you.
You are too injured to fight recklessly!
You feel sick.
You feel sick.
You feel sick.
You feel sick. The worker ant bites you!
* * * LOW HITPOINT WARNING * * *
It was a potion of brilliance.
You feel clever all of a sudden. The worker ant bites you.
You die...

# . . ... ##..#...#
##..#.#.#. ##..#...#...
.##..#.#.#.#.#.
#######.##$.#...#.⌠.#...
#.....§.#..#.#.#[#.#.#.#.
##.......#.#..a#...#...#..
####..(...@.+..#@#.#.#.#.#.#
......o.....+...#.⌠.#.⌠.#.⌠.
.....<......+!.#.#.#.#.#.#.#
.....##.##.##.#...#...#...#.
.###. .. #..#.#.#.#.#.#.#.
#. ...##..#...#.⌠.#...# #.
...##..#.#.#.#.#.#. .. ..
##..#...#...#.. #. .
##..#.#.#.#..#


You could see a worker ant.

Vanquished Creatures
  An orc priest (D:3)
  A centaur skeleton (D:4)
  5 adders
  3 worms
  4 dart slugs
  2 leopard geckos
  2 orcs (D:3)
  6 giant cockroaches
  16 goblins
  3 hobgoblins
  4 jackals (D:2)
  A ball python (D:1)
  10 bats
  4 frilled lizards
  8 kobolds
  6 rats
  A fungus (D:2)
77 creatures vanquished.

Notes
Turn   | Place    | Note
-------+----------+-------------------------------------------
     0 | D:1      | Naow the Ogre Hunter began the quest for the Orb.
     0 | D:1      | Reached XP level 1. HP: 22/22 MP: 1/1
   208 | D:1      | Reached XP level 2. HP: 27/29 MP: 2/2
   838 | D:1      | Reached skill level 1 in Maces & Flails
   938 | D:1      | Reached XP level 3. HP: 23/37 MP: 3/3
  1343 | D:2      | Found a shattered altar of Ashenzari.
  1383 | D:2      | Found a white marble altar of Elyvilon.
  1683 | D:2      | Found an opulent altar of Gozag.
  1778 | D:2      | Reached XP level 4. HP: 47/48 MP: 4/4
  2611 | D:2      | Found a runed door.
  3072 | D:3      | Found a sacrificial altar of Ru.
  3165 | D:3      | Reached XP level 5. HP: 54/54 MP: 5/5
  3567 | D:3      | Found a sparkling altar of Nemelex Xobeh.
  3773 | D:4      | Noticed Eustachio
  4003 | D:4      | Slain by a worker ant

Vault maps used:
D:1:      wheals_arrival_linesprint, minmay_bisected
D:2:      elyvilon_altar_5, grunt_gozag_statues, lemuel_doored_altar,
          uniq_crazy_yiuf_cottage
D:3:      nicolae_ru_awakened_eye, nemelex_diamond_rough_becter
D:4:      overflow_temple_1_default, serial_shops, nicolae_shop_stone,
          first_bread, kennysheep_cluttered_room, kennysheep_flooded_box,
          st_stairs_10, uniq_eustachio

Skill      XL: |  1  2  3  4 |
---------------+-------------+-----
Fighting       | 3 4 |  4.5
Dodging        | 2 |  2.7
Maces & Flails | 1 2 3 |  3.7
Throwing       | |  4.8
Stealth        | |  0.6

Action                   |  1- 3 |  4- 6 || total
-------------------------+-------+-------++-------
Melee: Short sword       |    13 |       ||    13
       Mace              |   116 |   173 ||   289
  Use: Potion            |       |     1 ||     1
 Stab: Sleeping          |     2 |       ||     2
  Eat: Chunk             |     3 |     7 ||    10
Armor: Robe              |    54 |    37 ||    91
Dodge: Dodged            |   107 |    88 ||   195
